 Dungeon Crawl Stone Soup version 0.31-a0-656-gb4d89c20fa (webtiles) character file.

Game seed: 2420009122996406516

519314 JanusColdHeart the Cloud Mage (level 25, -8/160 (165) HPs)
             Began as a Tengu Air Elementalist on Aug 29, 2023.
             Was a High Priest of Ashenzari.
             Mangled by an ettin
             ... wielding a +0 dire flail
              (20 damage)
             ... while paralysed by a dread lich
             ... on level 5 of the Vaults on Aug 30, 2023.
             The game lasted 05:50:38 (78915 turns).

JanusColdHeart the Cloud Mage (TeAE)               Turns: 78915, Time: 05:50:39

HP:   -8/160 (165)  AC: 20    Str: 26    XL:     25   Next: 82%
MP:   52/52         EV:  2    Int: 38    God:    Ashenzari [*****.]
Gold: 798           SH:  0    Dex: 16    Spells: 13/73 levels left

rFire   . . .        u - +10 demon whip "Circumscribed Together" {drain, Int+5, Bglg, Comp} (curse)
rCold   . . .        B - +0 kite shield of the Tethered God {reflect, Self, Comp} (curse)
rNeg    . . .        e - +2 acid dragon scales "Tethered Irritation" {rCorr, Fort, Cun} (curse)
rPois   +            Z - +2 hat of Ashenzari's Secrets {Dev, Range} (curse)
rElec   +            P - +2 cloak {rPois}
rCorr   +            Y - +2 pair of gloves "I Foresaw This" {infuse, Fort, Self} (curse)
SInv    +            (boots unavailable)
Will    +....        R - amulet of the Clairvoyant Sun {RegenMP Rampage Str+4, Self, Melee} (curse)
Stlth   ++           T - ring of the Fated Yoke {rElec rPois rCorr Int+6 Dex-2, Melee, Bglg} (curse)
HPRegen 0.46/turn    N - ring of the Cryptic Seeker {rCorr Str+8 Int+6 Dex+2, Cun, Comp} (curse)
MPRegen 0.73/turn

%: reflection, clarity, rampage, infuse magic (1 MP)
@: paralysed, mighty, brilliant, flying, studying 2 skills, lightly drained
A: beak, talons 3, nimble 2
}: 2/15 runes: decaying, serpentine
a: Renounce Religion, Shatter the Chains


You were on level 5 of the Vaults.
You worshipped Ashenzari.
Ashenzari was extremely pleased with you.
You visited 10 branches of the dungeon, and saw 47 of its levels.
You visited the Abyss 1 time.
You visited 1 bazaar.
You also visited: Sewer, Ossuary and Wizlab.

You collected 6211 gold pieces.
You spent 5413 gold pieces at shops.

Inventory:

Hand Weapons
 u - the cursed +10 demon whip "Circumscribed Together" (weapon) {drain, Int+5, Bglg, Comp}
   (You acquired it on level 4 of the Dungeon)

   Int+5:     It affects your intelligence (+5).
   It has a curse which improves the following skills: Beguiling: Conjurations,
   Hexes and Translocations.
   Companions: Summonings and Necromancy.
Armour
 d - quicksilver dragon scales
 e - the cursed +2 acid dragon scales "Tethered Irritation" (worn) {rCorr, Fort, Cun}
   (You found it on level 12 of the Dungeon)

   rCorr:     It protects you from acid and corrosion.
   It has a curse which improves the following skills: Fortitude: Armour and
   Shields.
   Cunning:   Dodging and Stealth.
 f - +0 fire dragon scales
 z - the orb "Tehurhae" {*Rage, rPois Dex+3}
   (You found it in a wizard's laboratory)

   Dex+3:     It affects your dexterity (+3).
   rPois:     It protects you from poison
 B - the cursed +0 kite shield of the Tethered God (worn) {reflect, Self, Comp}
   (You took it off Donald on level 1 of the Swamp)

   It has a curse which improves the following skills: Introspection: Fighting
   and Spellcasting.
   Companions: Summonings and Necromancy.
 M - +0 ice dragon scales
 P - a +2 cloak of poison resistance (worn)
 Y - the cursed +2 pair of gloves "I Foresaw This" (worn) {infuse, Fort, Self}
   (You found it on level 3 of the Elven Halls)

   It has a curse which improves the following skills: Fortitude: Armour and
   Shields.
   Introspection: Fighting and Spellcasting.
 Z - the cursed +2 hat of Ashenzari's Secrets (worn) {Dev, Range}
   (You bought it in a shop on level 2 of the Orcish Mines)

   It has a curse which improves the following skills: Devices: Evocations and
   Shapeshifting.
   Ranged Combat: Ranged Weapons and Throwing.
Jewellery
 c - an amulet of reflection
 N - the cursed ring of the Cryptic Seeker (right hand) {rCorr Str+8 Int+6 Dex+2, Cun, Comp}
   (You bought it in a shop on level 4 of the Snake Pit)

   [ring of intelligence]

   Str+8:     It affects your strength (+8).
   Int+6:     It affects your intelligence (+6).
   Dex+2:     It affects your dexterity (+2).
   rCorr:     It protects you from acid and corrosion.
   It has a curse which improves the following skills: Cunning: Dodging and
   Stealth.
   Companions: Summonings and Necromancy.
 R - the cursed amulet of the Clairvoyant Sun (around neck) {RegenMP Rampage Str+4, Self, Melee}
   (You bought it in a shop on level 4 of the Snake Pit)

   [amulet of magic regeneration]

   RegenMP:   It increases your rate of magic regeneration.
   Str+4:     It affects your strength (+4).
   Rampage:   It bestows one free step when moving towards enemies.
   It has a curse which improves the following skills: Introspection: Fighting
   and Spellcasting.
   Melee Combat: Short Blades, Long Blades, Axes, Maces & Flails, Polearms,
   Staves and Unarmed Combat.
 T - the cursed ring of the Fated Yoke (left hand) {rElec rPois rCorr Int+6 Dex-2, Melee, Bglg}
   (You bought it in a shop on level 2 of the Orcish Mines)

   [ring of intelligence]

   Int+6:     It affects your intelligence (+6).
   Dex-2:     It affects your dexterity (-2).
   rElec:     It insulates you from electricity.
   rPois:     It protects you from poison rCorr: It protects you from acid and
   corrosion.
   It has a curse which improves the following skills: Melee Combat: Short
   Blades, Long Blades, Axes, Maces & Flails, Polearms, Staves and Unarmed
   Combat.
   Beguiling: Conjurations, Hexes and Translocations.
Wands
 p - a wand of charming (13)
 q - a wand of quicksilver (10)
 s - a wand of flame (8)
 v - a wand of mindburst (10)
 y - a wand of polymorph (3)
Scrolls
 a - 2 scrolls of amnesia
 g - 8 scrolls of immolation
 h - 8 scrolls of poison
 o - 2 scrolls of fear
 r - 2 scrolls of vulnerability
 t - 4 scrolls of blinking
 w - a scroll of enchant weapon
 x - 8 scrolls of fog
 A - 10 scrolls of teleportation
 D - a scroll of acquirement
 E - a scroll of brand weapon
 F - 9 scrolls of revelation
 H - 2 scrolls of silence
 K - a scroll of butterflies
 L - a scroll of enchant armour
Potions
 b - 7 potions of magic
 i - 5 potions of enlightenment
 j - 8 potions of invisibility
 k - 16 potions of heal wounds
 l - 14 potions of curing
 m - 2 potions of ambrosia
 n - 4 potions of haste
 C - 12 potions of might
 G - 5 potions of mutation
 I - 4 potions of brilliance
 J - a potion of attraction
 O - a potion of resistance
 Q - 6 potions of berserk rage
 S - 5 potions of cancellation
 W - 5 potions of lignification


   Skills:
 + Level 15.0(19.1) Fighting
 + Level 1.5(3.6) Short Blades
 + Level 15.0(18.1) Maces & Flails
 + Level 8.7(11.9) Armour
 + Level 11.0(14.1) Dodging
 - Level 2.0(4.3) Stealth
 + Level 11.0(14.1) Shields
 + Level 21.1(24.9) Spellcasting
 + Level 13.8(16.9) Conjurations
 + Level 1.3(3.8) Summonings
 + Level 21.7 Fire Magic
 + Level 23.4 Air Magic
 + Level 4.7 Poison Magic


You had 13 spell levels left.
You knew the following spells:

 Your Spells              Type           Power      Damage    Failure   Level
a - Shock                 Conj/Air       100%       1d9       0%          1
b - Static Discharge      Conj/Air       100%       2-7/arc   0%          2
c - Airstrike             Air            73%        2d(11-27) 0%          4
d - Fireball              Conj/Fire      69%        3d26      0%          5
e - Olgreb's Toxic Radia  Pois           90%        N/A       1%          4
f - Ignite Poison         Fire/Tmut/Pois 100%       N/A       1%          3
g - Arcjolt               Conj/Air       70%        1d80      0%          5
h - Plasma Beam           Fire/Air       73%        2x1d90    0%          6
i - Ignition              Fire           72%        3d19      1%          8
j - Summon Lightning Spi  Summ/Air       100%       N/A       1%          4
k - Orb of Destruction    Conj           66%        9d16      1%          7
l - Iskenderun's Battles  Conj           100%       2d15      1%          5
m - Conjure Ball Lightni  Conj/Air       70%        3x3d26    1%          6

Your spell library contained the following spells:

 Spells                   Type           Power      Damage    Failure   Level
 Magic Dart               Conj           100%       1d8       0%          1
 Searing Ray              Conj           100%       2d8       0%          2
 Swiftness                Air            100%       N/A       0%          3
 Flame Wave               Conj/Fire      100%       2d21      0%          4
 Sticky Flame             Conj/Fire      100%       2d11      0%          4
 Apportation              Tloc           100%       N/A       1%          1
 Kiss of Death            Conj/Necr      100%       2d13      1%          1
 Necrotise                Necr           100%       1d9       1%          1
 Sandblast                Erth           100%       2d20      1%          1
 Summon Small Mammal      Summ           100%       N/A       1%          1
 Blink                    Tloc           100%       N/A       1%          2
 Cigotuvi's Dreadful Rot  Necr/Pois/Air  100%       N/A       1%          2
 Ensorcelled Hibernation  Hex/Ice        100%       N/A       1%          2
 Lesser Beckoning         Tloc           100%       N/A       1%          2
 Momentum Strike          Conj/Tloc      100%       3d10      1%          2
 Passwall                 Tmut/Erth      52%        N/A       1%          2
 Call Canine Familiar     Summ           86%        N/A       1%          3
 Confusing Touch          Hex            66%        N/A       1%          3
 Hailstorm                Conj/Ice       100%       3d20      1%          3
 Inner Flame              Hex/Fire       100%       N/A       1%          3
 Portal Projectile        Hex/Tloc       100%       N/A       1%          3
 Stone Arrow              Conj/Erth      100%       3d13      1%          3
 Summon Guardian Golem    Hex/Summ       77%        N/A       1%          3
 Tukima's Dance           Hex            66%        N/A       1%          3
 Vampiric Draining        Necr           67%        2d10      1%          3
 Fulminant Prism          Conj/Hex       53%        3d22      1%          4
 Iskenderun's Mystic Bla  Conj/Tloc      100%       2d19      1%          4
 Vhi's Electric Charge    Tloc/Air       100%       N/A       1%          4
 Silence                  Hex/Air        59%        N/A       1%          5
 Animate Armour           Summ/Erth      100%       N/A       3%          4
 Summon Ice Beast         Ice/Summ       75%        N/A       3%          4
 Animate Dead             Necr           67%        N/A       6%          4
 Dispel Undead            Necr           67%        3d23      6%          4
 Manifold Assault         Tloc           66%        N/A       6%          4
 Passage of Golubria      Tloc           66%        N/A       6%          4
 Alistair's Intoxication  Tmut/Pois      52%        N/A       8%          5
 Summon Forest            Summ/Tloc      38%        N/A       9%          5
 Spellforged Servitor     Conj/Summ      56%        N/A       9%          7
 Agony                    Necr           67%        N/A       17%         5
 Borgnjor's Vile Clutch   Necr/Erth      32%        N/A       19%         5
 Yara's Violent Unravell  Hex/Tmut       32%        3d13      19%         5
 Eringya's Noxious Bog    Tmut/Pois      39%        4d6       41%         6
 Death Channel            Necr           33%        N/A       67%         6
 Dispersal                Tloc           33%        N/A       69%         6
 Simulacrum               Ice/Necr       32%        N/A       71%         6
 Lehudib's Crystal Spear  Conj/Erth      53%        10d12     83%         8
 Malign Gateway           Summ/Tloc      38%        N/A       95%         7
 Enfeeble                 Hex            33%        N/A       99%         7
 Discord                  Hex            33%        N/A       100%        8
 Disjunction              Tloc           33%        N/A       100%        8
 Summon Horrible Things   Summ           43%        N/A       100%        8


Dungeon Overview and Level Annotations

Branches:
Dungeon (15/15)            Temple (1/1) D:5            Lair (5/5) D:8
  Swamp (4/4) Lair:3        Snake (4/4) Lair:2        Slime (4/5) Lair:5
    Orc (2/2) D:10            Elf (3/3) Orc:2        Vaults (5/5) D:14
  Crypt (0/3) Vaults:3     Depths (4/4) D:15            Zot (0/5) Depths:4
  Sewer (visited)         Ossuary (visited)          WizLab (visited)

Altars:
Ashenzari
Cheibriados
Dithmenos
Elyvilon
Fedhas
Gozag
Hepliaklqana
Kikubaaqudgha
Makhleb
Nemelex Xobeh
Okawaru
Qazlal
Ru
Sif Muna
Trog
Uskayaw
Vehumet
Wu Jian
Xom
Yredelemnul
Zin
The Shining One
Jiyva

Shops:
D:10 [   Orc:2 [(*=*   Elf:3 ?   Snake:4 ?==::*   Vaults:1 :=!   Depths:3 ?

Portals:
Hell: Depths:1 Depths:2 Depths:3 Depths:4
Abyss: Depths:1 Depths:3
Pandemonium: Depths:2
Ziggurat: Depths:2

Annotations:
D:5 1 runed translucent door, Crazy Yiuf
D:7 1 runed translucent door, WhatIsLove's ghost, novice HOMo
Lair:4 1 runed translucent door, Dutrue's ghost, journeyman MiBe
Snake:4 3 runed translucent doors, MackTheKnife's ghost, adept HOFi
Elf:1 Roxanne
Elf:2 3 runed translucent doors
Elf:3 3 runed translucent doors, Suoweyxo's ghost, adept KoBr


Innate Abilities, Weirdness & Mutations

You have a beak for a mouth.
You have claws for feet.
Your magical nature helps you fly and evade attacks. (EV +20% +4)


Message History

The frost giant resists.
The frost giant is lightly wounded.
The fiery plasma hits the titan!!
The titan is lightly wounded.
The fiery plasma hits the frost giant!!!
You kill the frost giant!
The fiery plasma hits the frost giant!
The frost giant resists.
The frost giant is moderately wounded.
You hear a shout!
The dread lich gestures at you while chanting.
You suddenly lose the ability to move!
The titan points at you and mumbles some strange words.
The bolt of lightning hits you! You resist.
A phantasmal warrior comes into view.
A storm dragon comes into view.
The tentacled monstrosity moves out of view.
You hear a shout! x2
Your life force feels restored.
The dread lich touches you.
You feel drained.
A yaktaur captain comes into view.
The titan hits you! The dread lich touches you!
You feel drained. The titan hits you!!
A sphinx comes into view.
The green very ugly thing kicks you!
The dread lich touches you but does no damage.
The titan hits you! The phantasmal warrior gestures at you.
The phantasmal warrior blinks!
The stone giant throws a large rock.
The large rock hits you!!
* * * LOW HITPOINT WARNING * * *
The sphinx mumbles some strange words.
Something smites you!
* * * LOW HITPOINT WARNING * * *
You hear a shout!
The green very ugly thing kicks you but does no damage.
The dread lich touches you.
* * * LOW HITPOINT WARNING * * *
The yaktaur captain wields a +0 arbalest.
The yaktaur captain shoots a bolt.
The bolt hits the dread lich!!!
The ettin hits you with a +0 dire flail!!
You die...

,,,,,**,,,,**,*,*
,,..,*#....#**,,,*{
,,{.,*#....#*.#[#p*
,,,,.*#....#{{H#..,
,,,,#'#....##)#.#,*
,.###.#.[[.#X#..,*{
*#'.[..[C[[.O)#∆***
*####D[u..CC.#####*
,....[.[@C.[[)....,
,...[[.CLCW.)[....,
,$...[..<<..[.....,
,.....[....[......{
*####[.[[[[)...###*
,,,.....c[.....#***
,,,...#........#*,,
*,....#....###..,,,
*,,..,#.{..#**.[.,,


You could see a tentacled monstrosity, 3 titans, a dread lich (invisible), a
storm dragon, a frost giant, a green very ugly thing, a sphinx, a stone giant, a
yaktaur captain, an ettin, a two-headed ogre and a phantasmal warrior.

Vanquished Creatures
  A dread lich (Depths:3)
  An ancient lich (Depths:2)
  Sojobo (Vaults:4)
  Bai Suzhen (Vaults:2)
  Saint Roka (Orc:2)
  A golden dragon (Depths:3)
  Nikola (Depths:2)
  An electric golem (WizLab)
  Mlioglotl (Swamp:2)
  Zenata (Elf:2)
  A tentacled monstrosity (Swamp:3)
  Jorgrun (Elf:2)
  3 titans
  3 liches
  Asterion (Vaults:1)
  A quicksilver dragon (Depths:3)
  2 deep elf blademasters (Elf:3)
  2 deep elf master archers (Elf:3)
  5 sphinxes
  6 acid blobs
  A shadow dragon (Depths:3)
  6 tengu reavers
  4 thorn hunters (Swamp:4)
  Donald (Swamp:1)
  3 nagarajas
  9 fire giants
  A draconian knight (Depths:4)
  An azure jelly (Slime:1)
  Aizul (Elf:1)
  Louise (Depths:1)
  An iron dragon (Depths:3)
  A rockslime (Slime:2)
  8 frost giants
  A draconian scorcher (Depths:4)
  4 deep elf sorcerers
  A juggernaut zombie (Depths:3)
  4 deep elf elementalists
  11 vault wardens
  An angel (WizLab)
  2 orc warlords (Vaults:3)
  2 quicksilver oozes
  8 very ugly things
  7 stone giants
  5 war gargoyles
  19 ironbound preservers
  3 vampire knights
  4 formless jellyfish
  12 ironbound thunderhulks
  A caustic shrike skeleton (Depths:3)
  5 eleionomae
  8 deep elf annihilators (Elf:3)
  3 dire elephants (Vaults:3)
  5 deep elf demonologists
  8 spark wasps
  A spark wasp (shapeshifter) (Depths:3)
  A dire elephant (shapeshifter) (Elf:1)
  3 black draconians (Depths:4)
  4 bunyips
  3 white draconians (Depths:4)
  7 ettins
  6 deep elf death magi
  3 shambling mangroves
  7 fire dragons
  4 crystal guardians
  8 great orbs of eyes
  3 deep elf high priests
  3 rakshasas
  4 entropy weavers
  15 yaktaur captains
  4 salamander tyrants
  16 hydras
  30 vault guards
  6 ice dragons
  13 alligators
  6 ghost crabs
  2 ogre magi
  10 peacekeepers
  11 centaur warriors
  A hell beast (Depths:3)
  2 spriggan air magi (Depths:3)
  3 catoblepae (Lair:5)
  A spriggan skeleton (Depths:3)
  An ironbound frostheart (Vaults:3)
  9 boulder beetles
  12 anacondas
  22 dancing weapons
  9 tengu warriors
  10 deep troll shamans
  7 two-headed ogres
  An orc high priest (Orc:2)
  7 deep troll earth magi
  13 naga sharpshooters
  12 death yaks
  3 vampire magi
  11 naga warriors
  3 spriggan berserkers
  20 deep elf knights
  11 shock serpents
  3 skysharks
  2 soul eaters (Depths:3)
  Sonja (Orc:1)
  9 sun demons (Depths:3)
  14 hell knights
  4 iron trolls
  A goliath frog (shapeshifter) (Vaults:2)
  A titan skeleton (D:15)
  7 goliath frogs
  5 spriggan druids
  9 salamander mystics
  A sea snake (Snake:3)
  58 deep trolls
  6 naga ritualists
  6 swamp dragons
  9 flayed ghosts
  5 skeletal warriors
  10 wizards
  4 bog bodies
  11 deep elf archers
  5 glowing orange brains
  5 spectral hydras (Swamp:4)
  5 harpies (Vaults:1)
  16 lindwurms
  A tengu zombie (D:15)
  11 orc knights
  13 ironbound convokers
  5 phantasmal warriors
  A lindwurm (shapeshifter) (Vaults:5)
  25 deep elf zephyrmancers
  10 necromancers
  A golden dragon skeleton (Depths:3)
  A shadow dragon zombie (Depths:3)
  25 deep elf pyromancers
  14 mana vipers
  A fire giant zombie (D:15)
  4 will-o-the-wisps
  A mana viper (shapeshifter) (Depths:4)
  A shining eye (Slime:2)
  3 manticores
  4 orc sorcerers
  3 oklob plants (Swamp:4)
  26 ugly things
  18 salamanders
  A faun (shapeshifter) (D:15)
  5 cyclopes
  6 guardian serpents
  4 elephants
  45 black mambas
  4 eyes of devastation
  16 naga magi
  A water nymph (shapeshifter) (Vaults:5)
  2 molten gargoyles (WizLab)
  28 vault sentinels
  8 gargoyles
  An unseen horror (D:11)
  4 cane toads
  24 yaktaurs
  11 komodo dragons
  3 freezing wraiths (Swamp:4)
  2 unseen horror zombies (D:9)
  3 tengu conjurers
  5 rime drakes
  An efreet (D:14)
  4 hydra zombies (Swamp:4)
  A queen bee (shapeshifter) (Elf:1)
  A wind drake (shapeshifter) (Elf:3)
  3 bloated husks
  3 polar bears
  A death drake zombie (Swamp:4)
  16 hornets
  10 trolls
  A spriggan zombie (D:15)
  9 tyrant leeches
  14 blink frogs
  A tarantella (Vaults:3)
  A hydra skeleton (Swamp:4)
  5 dream sheep (Lair:4)
  56 slime creatures
  3 air elementals
  A vampire (D:11)
  Sigmund (D:3)
  3 shadows
  7 wyverns
  16 spriggans
  3 wraiths
  52 yaks
  A culicivora (shapeshifter) (Vaults:5)
  4 water elementals
  2 golden eyes (Slime:1)
  3 fire bats (Depths:4)
  4 fire elementals
  3 steam dragons
  16 vampire mosquitoes
  A basilisk (Lair:1)
  A large abomination (Abyss:2)
  2 redbacks
  6 wargs
  32 nagas
  11 swamp worms
  2 acid dragons
  16 water moccasins
  A hydra simulacrum (Swamp:4)
  A sky beast (D:6)
  5 swamp drakes
  A swamp dragon zombie (Swamp:4)
  39 orc warriors
  2 ice beasts (D:7)
  2 black bears
  A meliai simulacrum (D:14)
  8 ogres
  9 boggarts
  11 centaurs
  3 kobold brigands
  A gnoll sergeant (D:9)
  11 bullfrogs
  10 earth elementals
  11 scorpions
  16 wights
  7 killer bees
  3 electric eels (Snake:3)
  5 centaur zombies
  A quasit (Sewer)
  5 jellies
  A human zombie (Ossuary)
  16 orc priests
  4 hounds
  3 iron imps (D:9)
  2 sleepcaps (D:6)
  5 iguanas
  29 orc wizards
  2 lightning spires (WizLab)
  4 scorpion zombies (Ossuary)
  A killer bee zombie (D:9)
  3 mummies (Ossuary)
  3 howler monkey zombies (D:9)
  3 gnolls (D:9)
  8 adders
  3 shadow imps (Sewer)
  3 white imps
  4 ufetubi
  3 worms
  4 dart slugs
  93 orcs
  5 bats
  10 endoplasms
  22 giant cockroaches
  4 gnoll zombies (Ossuary)
  8 goblins
  3 hobgoblins
  3 jackals (D:4)
  2 quokkas
  7 ball pythons
  2 frilled lizards
  3 goblin zombies (Ossuary)
  2 hobgoblin zombies (Ossuary)
  26 kobolds
  A kobold zombie (Ossuary)
  3 orc zombies (Ossuary)
  2 rats
  2 butterflies
1822 creatures vanquished.

Vanquished Creatures (collateral kills)
  An ironbound preserver (Vaults:1)
  An ironbound convoker (Vaults:1)
2 creatures vanquished.

Vanquished Creatures (others)
  An ironbound preserver (Vaults:5)
  An alligator (Swamp:4)
  4 hell knights (Depths:2)
  A necromancer (Depths:2)
  2 bloated husks
  A spriggan (Swamp:4)
  A fire elemental (Elf:3)
  A swamp worm (Swamp:4)
  A bat (Sewer)
  6 ball lightnings (Depths:4)
  16 foxfires
35 creatures vanquished.

Grand Total: 1859 creatures vanquished

Notes
Turn   | Place    | Note
-------+----------+-------------------------------------------
     0 | D:1      | JanusColdHeart the Tengu Air Elementalist began the quest
                  | for the Orb.
     0 | D:1      | Reached XP level 1. HP: 10/10 MP: 4/4
     3 | D:1      | Noticed an electric eel
     4 | D:1      | Noticed an electric eel
   190 | D:1      | Reached XP level 2. HP: 15/15 MP: 1/6
   241 | D:1      | Learned a level 2 spell: Static Discharge
   789 | D:1      | Reached XP level 3. HP: 19/19 MP: 3/7
   950 | D:1      | Reached skill level 5 in Air Magic
  1450 | D:2      | Reached XP level 4. HP: 24/24 MP: 3/8
  2138 | D:3      | Noticed Sigmund
  2417 | D:3      | Found a bloodstained altar of Trog.
  2633 | D:4      | Found a glowing drain.
  2645 | D:4      | Gained mutation: Your magical nature helps you evade
                  | attacks. (EV +4) [Tengu growth]
  2645 | D:4      | Reached XP level 5. HP: 27/28 MP: 6/10
  2651 | Sewer    | Entered a sewer
  2726 | Sewer    | Reached skill level 6 in Air Magic
  2831 | Sewer    | Noticed a kobold brigand
  2876 | Sewer    | Killed a kobold brigand
  3002 | Sewer    | Found a burning altar of Makhleb.
  3011 | Sewer    | Noticed a kobold brigand
  3463 | Sewer    | Killed a kobold brigand
  3464 | Sewer    | Reached XP level 6. HP: 18/33 MP: 2/11
  3703 | Sewer    | Noticed Grinder
  3801 | D:4      | Identified the +9 rapier of Annihilation {flame, rF+}
  3850 | D:4      | Reached skill level 7 in Air Magic
  3869 | D:4      | Reached XP level 7. HP: 18/37 MP: 2/13
  4616 | D:4      | Identified 2 scrolls of acquirement
  4616 | D:4      | Acquired the +10 demon whip of Poineabu {drain, Int+5}
  4715 | D:4      | Learned a level 4 spell: Airstrike
  4776 | D:5      | Entered Level 5 of the Dungeon
  4800 | D:5      | Reached skill level 1 in Fighting
  4800 | D:5      | Reached skill level 1 in Short Blades
  4800 | D:5      | Reached skill level 1 in Maces & Flails
  4957 | D:5      | Found a glowing silver altar of Zin.
  4987 | D:5      | Found a staircase to the Ecumenical Temple.
  4995 | Temple   | Entered the Ecumenical Temple
  5009 | Temple   | Became a worshipper of Ashenzari the Shackled
  5053 | D:5      | Reached skill level 5 in Conjurations
  5100 | D:5      | Found a shadowy altar of Dithmenos.
  5355 | D:5      | Found a runed translucent door.
  5356 | D:5      | Noticed Crazy Yiuf
  5667 | D:6      | Reached XP level 8. HP: 24/43 MP: 7/15
  5673 | D:5      | Reached skill level 8 in Air Magic
  5779 | D:6      | Reached skill level 1 in Armour
  6271 | D:6      | Reached skill level 5 in Spellcasting
  6574 | D:6      | Reached XP level 9. HP: 42/48 MP: 3/17
  6975 | D:6      | Found an iron altar of Okawaru.
  7198 | D:3      | Killed Sigmund
  7199 | D:3      | Reached skill level 9 in Air Magic
  7276 | D:3      | Found a blossoming altar of Fedhas.
  7538 | D:3      | Found a faded altar of an unknown god.
  7642 | D:3      | Reached * piety under Ashenzari
  7837 | D:7      | Found a sand-covered staircase.
  7842 | Ossuary  | Entered an ossuary
  8190 | Ossuary  | Reached skill level 5 in Maces & Flails
  8492 | D:7      | Reached ** piety under Ashenzari
  8807 | D:7      | Reached XP level 10. HP: 42/56 MP: 15/20
  9302 | D:7      | Found a runed translucent door.
  9304 | D:7      | Noticed WhatIsLove's ghost (novice HOMo)
  9345 | D:7      | Reached *** piety under Ashenzari
  9402 | D:7      | Reached skill level 10 in Air Magic
  9899 | D:8      | Found a viscous altar of Jiyva.
 10335 | D:8      | Found a staircase to the Lair.
 10607 | D:8      | Reached skill level 5 in Dodging
 10607 | D:8      | Reached skill level 11 in Air Magic
 10607 | D:8      | Reached XP level 11. HP: 66/66 MP: 21/24
 11052 | D:9      | Found a burning altar of Makhleb.
 11221 | D:9      | Found a hazy altar of Hepliaklqana.
 11222 | D:9      | Found a shimmering altar of Xom.
 11222 | D:9      | Noticed a caustic shrike
 11223 | D:9      | Noticed a caustic shrike
 11442 | D:9      | Found a radiant altar of Vehumet.
 11571 | D:9      | Reached skill level 12 in Air Magic
 11693 | D:9      | Found a basalt altar of Yredelemnul.
 12077 | D:10     | Entered Level 10 of the Dungeon
 12077 | D:10     | Found Ynooq's Antique Armour Emporium.
 12087 | D:10     | Reached XP level 12. HP: 72/72 MP: 14/26
 12248 | Lair:1   | Entered Level 1 of the Lair of Beasts
 13144 | Lair:1   | Identified Odobb's Opusculum on Changes and Impulse
 13258 | Lair:1   | Reached skill level 10 in Spellcasting
 13644 | Lair:2   | Found a staircase to the Snake Pit.
 13679 | Lair:2   | Reached skill level 13 in Air Magic
 14006 | Lair:2   | Noticed a death yak
 14157 | Lair:3   | Found a staircase to the Swamp.
 14647 | Lair:3   | Noticed an eight-headed hydra
 15002 | D:11     | Reached skill level 14 in Air Magic
 15025 | D:11     | Reached XP level 13. HP: 78/78 MP: 11/29
 15654 | D:11     | Reached skill level 5 in Armour
 17044 | D:10     | Found a staircase to the Orcish Mines.
 17267 | D:10     | You are sucked into a shaft and drop 3 floors!
 19587 | Lair:3   | Reached skill level 15 in Air Magic
 19996 | Lair:4   | Reached XP level 14. HP: 86/86 MP: 19/32
 20428 | Lair:4   | Found a runed translucent door.
 20430 | Lair:4   | Found a shimmering altar of Xom.
 20430 | Lair:4   | Noticed Dutrue's ghost (journeyman MiBe)
 20432 | Lair:4   | Identified the +7 war axe of the Bespelling Gods {chaos,
                  | Contam rF+ Dex+3 SInv}
 21706 | D:10     | Found a hide-covered altar of Uskayaw.
 21967 | D:10     | Learned a level 5 spell: Fireball
 21968 | Orc:1    | Entered Level 1 of the Orcish Mines
 22015 | Orc:1    | Noticed Sonja
 22037 | Orc:1    | Killed Sonja
 22459 | D:13     | Reached skill level 1 in Fire Magic
 22508 | D:13     | Reached skill level 16 in Air Magic
 23284 | D:13     | Identified the +8 short sword of Loz Syso {freeze, rPois
                  | Int+3}
 23394 | D:13     | Reached skill level 1 in Shields
 23851 | D:12     | Reached **** piety under Ashenzari
 24822 | Lair:5   | Entered Level 5 of the Lair of Beasts
 24909 | Lair:5   | Noticed an acid blob
 24909 | Lair:5   | Found a runed translucent door.
 24909 | Lair:5   | Found a viscous altar of Jiyva.
 24909 | Lair:5   | Found a staircase to the Slime Pits.
 25013 | Lair:5   | Found the Hermit's Pendant {Faith Invo=14 Evo=0 MP+5}
 25440 | Lair:5   | Reached skill level 10 in Fighting
 25613 | Lair:5   | Reached XP level 15. HP: 72/92 MP: 1/33
 26620 | Lair:5   | Reached skill level 17 in Air Magic
 26637 | Lair:5   | Reached skill level 10 in Maces & Flails
 27489 | D:14     | Reached skill level 5 in Fire Magic
 27870 | D:14     | Identified the +3 leather armour of the Salmon {Harm rF+}
 27873 | D:14     | Found a gate to the Vaults.
 29168 | D:15     | Entered Level 15 of the Dungeon
 29555 | D:15     | Learned a level 4 spell: Olgreb's Toxic Radiance
 29654 | D:15     | Found a staircase to the Depths.
 29912 | D:15     | Reached skill level 1 in Poison Magic
 30278 | D:15     | Reached ***** piety under Ashenzari
 30375 | D:15     | Found an ancient bone altar of Kikubaaqudgha.
 31269 | Snake:1  | Entered Level 1 of the Snake Pit
 31320 | Swamp:1  | Entered Level 1 of the Swamp
 31912 | Swamp:1  | Reached XP level 16. HP: 90/99 MP: 16/35
 31916 | Swamp:1  | Reached skill level 18 in Air Magic
 32305 | Swamp:1  | Noticed Donald
 32520 | Lair:2   | Reached skill level 10 in Conjurations
 32645 | Lair:2   | Learned a level 3 spell: Ignite Poison
 34850 | Snake:2  | Found a basalt altar of Yredelemnul.
 35734 | Orc:2    | Entered Level 2 of the Orcish Mines
 35813 | Orc:2    | Found a staircase to the Elven Halls.
 35814 | Orc:2    | Found Docs's Assorted Antiques.
 37509 | Orc:2    | Noticed Saint Roka
 38452 | Swamp:2  | Reached skill level 15 in Spellcasting
 38592 | Swamp:1  | Identified the +9 mace of Shame {freeze, Contam Str+3
                  | Dex+4}
 38788 | Swamp:1  | Reached skill level 5 in Shields
 38970 | Snake:2  | Reached XP level 17. HP: 104/104 MP: 37/37
 39017 | Snake:2  | Reached skill level 19 in Air Magic
 40045 | Snake:4  | Entered Level 4 of the Snake Pit
 41886 | Snake:4  | Found Ques Mez's Jewellery Shoppe.
 41896 | Snake:4  | Bought the ring of Icsait {rCorr Str+8 Int+6 Dex+2} for 974
                  | gold pieces
 41925 | Snake:4  | Found Uneb's Magic Scroll Emporium.
 41940 | Snake:4  | Bought the amulet "Dyxzeme" {RegenMP Rampage Str+4} for 635
                  | gold pieces
 41983 | Snake:4  | Found Fiar's Assorted Antiques.
 41991 | Snake:4  | Bought a potion of curing for 123 gold pieces
 41991 | Snake:4  | Bought a potion of haste for 410 gold pieces
 42200 | Snake:3  | Learned a level 5 spell: Arcjolt
 42207 | Snake:3  | Learned a level 6 spell: Plasma Beam
 42368 | Snake:4  | Found Qurujod's Jewellery Shop.
 42368 | Snake:4  | Found Zineas's Book Emporium.
 42369 | Snake:4  | Found Zixkytt's Book Emporium.
 42573 | Snake:4  | Reached skill level 20 in Air Magic
 43038 | Snake:4  | Identified the Disquisition on Unified Poisoning
 43095 | Snake:4  | Reached XP level 18. HP: 52/113 MP: 27/38
 43600 | Snake:4  | Got a serpentine rune of Zot
 43991 | Snake:4  | Found a runed translucent gate.
 43991 | Snake:4  | Found a runed translucent gate.
 43991 | Snake:4  | Found a runed translucent gate.
 43992 | Snake:4  | Noticed MackTheKnife's ghost (adept HOFi)
 44372 | Orc:2    | Bought a potion of curing for 96 gold pieces
 44403 | Orc:2    | Killed Saint Roka
 44519 | Orc:2    | Found Sentaul's General Store.
 44599 | Orc:2    | Found Ogoolu Pepe's Antique Weapon Shop.
 44614 | Orc:2    | Found Uneozxia's Antique Armour Shop.
 44630 | Orc:2    | Found Xowk's Jewellery Shop.
 45090 | Swamp:1  | Killed Donald
 46434 | Swamp:2  | Noticed Mlioglotl
 46565 | Swamp:2  | Killed Mlioglotl
 46735 | Swamp:3  | Reached skill level 21 in Air Magic
 46738 | Swamp:3  | Noticed a tentacled monstrosity
 46748 | Swamp:3  | Killed a tentacled monstrosity
 47184 | Orc:2    | Bought the ring of Qeveisairr {rElec rPois rCorr Int+6
                  | Dex-2} for 611 gold pieces
 47826 | Swamp:4  | Entered Level 4 of the Swamp
 47832 | Swamp:4  | Reached skill level 10 in Fire Magic
 48910 | Swamp:4  | Reached XP level 19. HP: 109/125 MP: 15/42
 49359 | Swamp:4  | Found a blossoming altar of Fedhas.
 49508 | Swamp:4  | Found a basalt altar of Yredelemnul.
 49522 | Swamp:4  | Got a decaying rune of Zot
 49931 | Orc:2    | Bought a hat for 140 gold pieces
 50182 | Depths:1 | Entered Level 1 of the Depths
 50235 | Depths:1 | Found a one-way gate to the infinite horrors of the Abyss.
 50264 | Depths:1 | Noticed Louise
 50266 | Depths:1 | Killed Louise
 50446 | Depths:1 | Found a gateway to Hell.
 51017 | Depths:1 | HP: 5/125 [spark wasp (5)]
 51676 | D:15     | Upgraded the game from 0.31-a0-654-gbe3e110b4e to
                  | 0.31-a0-656-gb4d89c20fa
 51967 | Depths:1 | Found a glowing golden altar of the Shining One.
 52222 | Depths:2 | Found a one-way gateway to a ziggurat.
 52225 | Depths:2 | Noticed Nikola
 52401 | Depths:2 | Noticed an ancient lich
 52974 | Slime:1  | Entered Level 1 of the Pits of Slime
 53324 | Elf:1    | Entered Level 1 of the Elven Halls
 53352 | Elf:1    | Noticed Roxanne
 53484 | Elf:1    | Reached skill level 15 in Fire Magic
 54140 | Elf:1    | Reached XP level 20. HP: 130/132 MP: 43/43
 54505 | Elf:1    | Reached ****** piety under Ashenzari
 55135 | Elf:2    | Noticed Aizul
 55149 | Elf:1    | Killed Aizul
 55389 | Elf:2    | Noticed Zenata
 55403 | Elf:2    | Killed Zenata
 55709 | Elf:2    | Found a runed translucent gate.
 55710 | Elf:2    | Found a runed translucent gate.
 55710 | Elf:2    | Found a runed translucent gate.
 55864 | Elf:2    | Noticed Jorgrun
 55866 | Elf:2    | Killed Jorgrun
 56112 | Elf:3    | Entered Level 3 of the Elven Halls
 56149 | Elf:3    | Found Koreunef's Magic Scroll Boutique.
 56152 | Elf:3    | Bought a scroll of teleportation for 60 gold pieces
 56907 | Elf:3    | Learned a level 8 spell: Ignition
 57135 | Elf:3    | Identified the staff of Upheaval {*Slow Fly rF+ Str+10
                  | Dex+3 Fire}
 57597 | Elf:3    | Identified the +3 morningstar "Naumen" {freeze, rC+ rN+
                  | Stlth+}
 57628 | Elf:3    | Identified the +2 war axe of the Pharaoh's Fist {venom, rC+
                  | Dex+5}
 57676 | Elf:3    | Identified the ring of Coul {Wiz *Corrode Int+4}
 57857 | Elf:3    | Identified the +10 flail "Yhischur" {venom, +Blink rF+
                  | Dex+2}
 57857 | Elf:3    | Identified the ring "Plog" {Wiz Will+ Int+2 Slay-6}
 58028 | Elf:3    | Identified Soesk's Handbook of Fog
 58072 | Elf:3    | Identified the +3 ring mail "Tisix" {rF- Slay+5}
 58520 | D:15     | Acquired 856 gold pieces
 58811 | Elf:3    | Found a runed translucent gate.
 58811 | Elf:3    | Found a runed translucent gate.
 58811 | Elf:3    | Found a runed translucent gate.
 58812 | Elf:3    | Noticed Suoweyxo's ghost (adept KoBr)
 59184 | Elf:3    | Reached XP level 21. HP: 131/138 MP: 38/45
 60265 | Vaults:1 | Entered Level 1 of the Vaults
 60273 | Vaults:1 | Noticed Asterion
 60275 | Vaults:1 | Killed Asterion
 61342 | Vaults:1 | Found Reuguwur's Jewellery Emporium.
 61411 | Vaults:1 | Found Ymir's Distillery.
 61419 | Vaults:1 | Bought a potion of might for 48 gold pieces
 61419 | Vaults:1 | Bought a potion of might for 48 gold pieces
 61419 | Vaults:1 | Bought 2 potions of might for 96 gold pieces
 61473 | Vaults:1 | Found Anilecas's Book Emporium.
 61481 | Vaults:1 | Bought a book of Storms for 572 gold pieces
 61481 | Vaults:1 | Bought a book of Dangerous Friends for 880 gold pieces
 61486 | Vaults:1 | Learned a level 4 spell: Summon Lightning Spire
 61494 | Vaults:1 | Learned a level 7 spell: Orb of Destruction
 62790 | Vaults:2 | Noticed Bai Suzhen
 62804 | Vaults:2 | Killed Bai Suzhen
 62805 | Vaults:2 | Reached skill level 1 in Summonings
 62838 | Vaults:2 | Paralysed by a sphinx for 2 turns
 63248 | Abyss:2  | Cast into level 2 of the Abyss (a wizard)
 63301 | Vaults:2 | Escaped the Abyss
 63472 | Vaults:3 | Identified the +0 chain mail "Bumackuta" {Dex+4}
 63992 | Vaults:2 | Reached skill level 10 in Dodging
 64770 | Vaults:2 | Reached XP level 22. HP: 147/148 MP: 33/49
 66243 | Vaults:4 | Found a magical portal.
 66252 | WizLab   | Entered Maxwell's Workshop
 67110 | WizLab   | Identified the orb "Tehurhae" {*Rage, rPois Dex+3}
 67110 | WizLab   | Identified the ring "Earthly Heaven" {Fire Str+4 Stlth+}
 67284 | WizLab   | Identified the +1 leather armour of Indemnity {rPois rN+}
 67535 | Vaults:4 | Found a gateway to a bazaar.
 67573 | Bazaar   | Entered a bazaar
 67609 | Bazaar   | Found Maususaf's Book Shoppe.
 67630 | Bazaar   | Found Tiqix's Book Shoppe.
 67671 | Bazaar   | Bought a manual of Shields for 720 gold pieces
 67842 | Vaults:4 | Noticed Sojobo
 68088 | Vaults:3 | Found a staircase to the Crypt.
 68088 | Vaults:3 | Found an ancient bone altar of Kikubaaqudgha.
 68089 | Vaults:3 | Found a basalt altar of Yredelemnul.
 68743 | Vaults:3 | Reached XP level 23. HP: 148/155 MP: 47/51
 69149 | Vaults:4 | Killed Sojobo
 69784 | Vaults:5 | Entered Level 5 of the Vaults
 69786 | Vaults:5 | Reached skill level 10 in Shields
 69786 | Vaults:5 | Reached skill level 22 in Air Magic
 69973 | Vaults:5 | Noticed a golden dragon
 70609 | Depths:2 | Killed an ancient lich
 72460 | Depths:2 | Killed Nikola
 72523 | Depths:2 | Found a one-way gate leading to the halls of Pandemonium.
 72851 | Depths:2 | Identified the +10 lajatang of Eliem {vamp, rF- rN+++
                  | Int+2}
 73421 | Depths:3 | Noticed a dread lich
 73429 | Depths:3 | Paralysed by a dread lich for 5 turns
 73435 | Depths:3 | Killed a dread lich
 73488 | Depths:3 | Reached XP level 24. HP: 112/159 MP: 24/52
 73940 | Vaults:5 | Noticed a dread lich
 74587 | Depths:3 | Identified the Guide on Evil
 74756 | Depths:3 | Found The Oracle's Delphic Readings.
 74929 | Depths:4 | Entered Level 4 of the Depths
 75289 | Depths:3 | Reached skill level 23 in Air Magic
 76185 | Depths:3 | Learned a level 5 spell: Iskenderun's Battlesphere
 77519 | Depths:4 | Found a gate to the Realm of Zot.
 77602 | Depths:4 | Learned a level 6 spell: Conjure Ball Lightning
 78312 | Depths:4 | Reached skill level 15 in Maces & Flails
 78312 | Depths:4 | Reached XP level 25. HP: 165/165 MP: 52/52
 78463 | Depths:4 | Reached skill level 15 in Fighting
 78910 | Vaults:5 | Identified the +7 morningstar of Quantum Leap {spect,
                  | +Blink rElec rF+}
 78911 | Vaults:5 | Paralysed by a dread lich for 5 turns
 78915 | Vaults:5 | Mangled by an ettin

Illustrated notes

Levels and vault maps discovered:
D:1:      arrival_aquarium_b, layout_basic
D:2:      minmay_roachtagon, layout_basic
D:3:      layout_loops_ring, fedhas_altar_4, bloody_trog,
          shapermc_ecumenical_altar_totnotflames, kennysheep_generic_room_5,
          uniq_sigmund
D:4:      layout_layer_cave, portal_sewer_entry_f, nicolae_the_louvre
D:5:      layout_gridville, nicolae_dithmenos_the_darkroom,
          overflow_temple_1_default, minmay_temple_entry_slanted,
          kennysheep_flooded_box, uniq_crazy_yiuf_cottage
D:6:      nicolae_cairo_tiling_large, layout_basic, kennysheep_little_box,
          nicolae_underground_beach
D:7:      layout_loops_ring, nicolae_ossuary_entry_ruins,
          ebering_ghost_reflecting_pool
D:8:      layout_basic, grunt_lair_entry_orc_guard_hut, jiyva_altar_1
D:9:      layout_irregular_city, regret_index_temple_of_mockery,
          lemuel_round_altar, nicolae_yredelemnul_corpse_copse, demons_altar
D:10:     minmay_four_partial_circles, layout_cave_pools,
          nicolae_uskayaw_murder_on_the_dancefloor, orc_0_dummy,
          nicolae_stop_n_shop_1
D:11:     layout_grid_maze
D:12:     layout_basic
D:13:     layout_roguey [special_room_orc]
D:14:     layout_basic, hellmonk_vaults_order_and_chaos,
          nicolae_figureground_pulse
D:15:     gammafunk_depths_entry_grave, layout_long_grid, columned_hall_lemuel,
          kiku_gazebo_pond_becter
Temple:   jpeg_temple_clearing
Lair:1:   layout_chaotic_city
Lair:2:   layout_concentric_octagons, dummy_snake_entry, beast_lair_carwin_9
Lair:3:   layout_roguey, swamp_mist_pool, guppyfry_lair_drakes
Lair:4:   beargit_carnivore_pack, layout_hall_layers, ebering_ghost_xom,
          serial_bayou_pond_d, wad_woods_02, lemuel_fruit_tree,
          lemuel_fruit_fields
Lair:5:   evilmike_catoblepas_cave, layout_cellular_growth, slime_entry_2
Swamp:1:  layout_basic_swamp, wheals_swamp_sinkhole, uniq_donald
Swamp:2:  layout_basic_swamp, evilmike_swamp_ruin_house_5, swamp_pool4,
          infiniplex_staircase_pool, uniq_mlioglotl
Swamp:3:  layout_basic_swamp, evilmike_swamp_ruin_rubble_2
Swamp:4:  byrel_swamp_growth_death_and_undeath, layout_basic_swamp
Snake:1:  cheibrodos_snake_ritualist_ritual, layout_basic
Snake:2:  layout_misc_corridors, basic_altar
Snake:3:  layout_honeycomb, grunt_megastairs_3, serial_bayou_shore_a
Snake:4:  snake_pit_salamanders_mu, layout_cave_town,
          gammafunk_ghost_necromancy, serial_shops, shop, shop,
          nicolae_square_shop, minmay_shop_grove
Slime:1:  layout_caves, nicolae_slime_barrier
Slime:2:  layout_caves
Slime:3:  layout_caves
Slime:4:  layout_caves, nicolae_slime_rock_hall_of_fame
Orc:1:    layout_diamond_mine, special_room [special_room_orc],
          nooodl_orcs_dogs, uniq_sonja
Orc:2:    grunt_orc_cross, layout_diamond_mine, serial_shops, shop
Elf:1:    eino_elf_arrival_sip, layout_geoelf_octagon,
          hangedman_elven_crosses_minicolossus, uniq_roxanne
Elf:2:    nicolae_elf_blades_crystal_corner, layout_geoelf_grid,
          nicolae_elevator_lobby_plus, uniq_jorgrun, uniq_louise, uniq_zenata,
          uniq_aizul
Elf:3:    elf_hall, layout_geoelf_octagon, gammafunk_ghost_split, serial_glass,
          glass_columns_c, glass_columns_c, serial_shops,
          nicolae_shop_window_shopping, grunt_ministairs_15, glass_columns_a
Vaults:1: hangedman_vaults_maws, v_misc_26, v_pattern_5,
          nicolae_vaults_shrinking_rooms_2, hangedman_vaults_river_flow,
          ontoclasm_vaults_ring_large, nicolae_vaults_cochlea,
          hangedman_vaults_pinch, nicolae_vaults_shipping_containers_4,
          vaults_mumra_chevron_long, grunt_vaults_hallway_long,
          layout_vaults_omnibox, serial_shops, nicolae_shop_behind_doors,
          nicolae_shop_pleasant_corner_grove, shop, uniq_asterion
Vaults:2: nicolae_vaults_know_your_exits, ontoclasm_vaults_ring_large,
          nicolae_vaults_six-pack, nicolae_vaults_network_star,
          nicolae_vaults_spaceships, ontoclasm_vaults_chip, vaults_mumra_hex,
          v_misc_3, ontoclasm_vaults_decontamination, vaults_room_door_ring,
          nicolae_vaults_little_ls, nicolae_vaults_house_1,
          layout_vaults_chaotic_city, uniq_bai_suzhen
Vaults:3: nicolae_vaults_closet_pinwheel_1, v_misc_15, nicolae_vaults_big_ls,
          vaults_mumra_minichess_inversion, st_smaller_cells,
          nicolae_vaults_double_plus_1, v_pattern_2,
          minmay_crypt_entry_necro_gods, vaults_room_hallway,
          layout_vaults_quadrants
Vaults:4: mu_enter_wizlab_6, nicolae_vaults_little_squares_3,
          vaults_standard_mumra_lines, nicolae_vaults_wine_cellar,
          grunt_vaults_twisty, v_misc_10, nicolae_vaults_storage_closets_2,
          nicolae_vaults_twisting_passages, nicolae_vaults_angled_halls,
          vaults_room_pool, grunt_vaults_hallway_short, nicolae_vaults_house_1,
          layout_vaults_maze_bifur, serial_shops, bzr_entry_gold, uniq_sojobo
Vaults:5
Depths:1: layout_small_grid, nicolae_abyss_entry_one_way_or_another,
          pf_coc_iceberg, roderic_roman_lattice, nicolae_tso_carved_into_rock
Depths:2: minmay_guarded_unrand_majin_bo, layout_cave_pools, enter_ziggurat_b,
          minmay_holes, hell_entry, pan_entry, uniq_nikola
Depths:3: nzn_winding_woodlands_three_and_one
          [nzn_winding_woodlands_5x15_split_checker,
          nzn_winding_woodlands_5x15_jagged, nzn_winding_woodlands_5x15_parted,
          nzn_winding_woodlands_center_garden], layout_basic,
          minmay_misc_feat_doors, nicolae_hell_entry_hellmouth_sunbeams,
          abyss_entry_glasseish, special_room [special_room_morgue],
          nicolae_nh_oracle_at_delphi, infiniplex_staircase_zigzag_4
Depths:4: grunt_zot_entry_tricorne, layout_cave_pools, hell_entry,
          grunt_decor_resistance, chequers_serial_rivers_large_b

Skill      XL: |  1  2  3  4  5  6  7  8  9 10 11 12 13 14 15 16 17 18 19 20 21 22 23 24 25 |
---------------+----------------------------------------------------------------------------+-----
Conjurations   | 2 3 4 5 6 8 9 10 11 12 13 | 13.8
Air Magic      | 5 6 7 8 9 11 12 14 15 16 17 18 20 21 22 23 | 23.4
Spellcasting   | 3 4 5 6 8 9 11 13 14 15 16 17 18 20 21 | 21.1
Dodging        | 3 4 5 6 7 8 9 10 11 | 11.0
Fighting       | 1 2 4 6 7 8 9 10 11 12 13 14 15 | 15.0
Short Blades   | 1 |  1.5
Maces & Flails | 1 3 6 7 8 9 10 11 12 13 14 15 | 15.0
Armour         | 2 4 5 6 7 8 |  8.7
Fire Magic     | 4 6 7 8 11 15 18 19 20 21 | 21.7
Shields        | 2 4 5 7 8 9 10 11 | 11.0
Poison Magic   | 1 4 |  4.7
Summonings     | 1 |  1.3
Stealth        | |  2.0

Action                     |  1- 3 |  4- 6 |  7- 9 | 10-12 | 13-15 | 16-18 | 19-21 | 22-24 | 25-27 || total
---------------------------+-------+-------+-------+-------+-------+-------+-------+-------+-------++-------
  Melee: Club              |     2 |       |       |       |       |       |       |       |       ||     2
         Mace              |    10 |    33 |       |       |       |       |       |       |       ||    43
         Peck              |     2 |     5 |    20 |    27 |   147 |   181 |    96 |   144 |     5 ||   627
         Kick              |     1 |    16 |    33 |    42 |   241 |   252 |   175 |   230 |     4 ||   994
         Short sword       |       |    27 |       |       |       |       |       |       |       ||    27
         Rapier            |       |     9 |     6 |       |       |       |       |       |       ||    15
         Demon whip        |       |       |   133 |   155 |   616 |   633 |   401 |   462 |    11 ||  2411
         Punch             |       |       |     1 |     1 |     6 |       |       |       |       ||     8
   Cast: Shock             |    59 |    74 |    91 |    75 |    97 |     7 |       |       |       ||   403
         Static Discharge  |     2 |    16 |    20 |    22 |    33 |    12 |       |       |       ||   105
         Airstrike         |       |       |    15 |   102 |   299 |   246 |   126 |    83 |       ||   871
         Fireball          |       |       |       |       |    55 |   115 |    24 |    13 |       ||   207
         Olgreb's Toxic Ra |       |       |       |       |       |    14 |    16 |       |       ||    30
         Ignite Poison     |       |       |       |       |       |    13 |    27 |       |       ||    40
         Arcjolt           |       |       |       |       |       |    29 |    34 |    35 |       ||    98
         Plasma Beam       |       |       |       |       |       |    49 |   171 |    95 |     2 ||   317
         Ignition          |       |       |       |       |       |       |    19 |    64 |       ||    83
         Orb of Destructio |       |       |       |       |       |       |    28 |   128 |       ||   156
         Summon Lightning  |       |       |       |       |       |       |     3 |       |       ||     3
         Conjure Ball Ligh |       |       |       |       |       |       |       |     2 |       ||     2
         Iskenderun's Batt |       |       |       |       |       |       |       |     1 |       ||     1
 Invoke: Curse Item        |       |       |     3 |     2 |     2 |     4 |     3 |       |       ||    14
         Shatter the Chain |       |       |       |       |       |     4 |     1 |     1 |       ||     6
    Use: Scroll            |     2 |     1 |     8 |       |     4 |     3 |     8 |     6 |       ||    32
         Potion            |       |     2 |     3 |     1 |       |     1 |     2 |     9 |     2 ||    20
   Stab: Sleeping          |       |     3 |     2 |     4 |     3 |     5 |     8 |     1 |       ||    26
         Distracted        |       |       |       |       |     1 |     5 |     4 |     1 |       ||    11
 Armour: Robe              |     1 |    27 |       |       |       |       |       |       |       ||    28
         Leather armour    |       |       |    20 |     2 |       |       |       |       |       ||    22
         Ring mail         |       |       |       |    19 |    35 |       |       |       |       ||    54
         Acid dragon scale |       |       |       |       |    40 |    86 |    77 |    58 |     3 ||   264
  Dodge: Dodged            |     5 |    86 |    69 |   122 |   410 |   516 |   248 |   253 |     9 ||  1718
  Block: Buckler           |       |       |       |       |    59 |   139 |       |       |       ||   198
         Kite shield       |       |       |       |       |       |    48 |   188 |   157 |     6 ||   399
         Reflection        |       |       |       |       |       |       |    29 |    10 |       ||    39

Table legend: (Time is in decaauts)
 A = Elapsed time spent in this place.
 B = Non-inter-level travel time spent in this place.
 C = Inter-level travel time spent in this place.
 D = Time resting spent in this place.
 E = Time spent auto-exploring this place.
 F = Levels seen in this place.
 G = Mean time per level.
                   A        B        C        D        E       F      G
               +--------+--------+--------+--------+--------+-----+--------+
         Total |  75767 |  62564 |  13203 |  30061 |  18900 |  52 | 1457.1 |
       Dungeon |  22157 |  17892 |   4265 |   7668 |   7333 |  15 | 1477.1 |
        Temple |     26 |      2 |     24 |      0 |      0 |   1 |   26.0 |
          Lair |   9570 |   7661 |   1909 |   3828 |   2754 |   5 | 1914.0 |
         Swamp |   5521 |   4952 |    569 |   2931 |   1132 |   4 | 1380.2 |
     Snake Pit |   7933 |   6990 |    943 |   3837 |   1681 |   4 | 1983.2 |
    Slime Pits |    526 |    419 |    107 |    169 |     10 |   4 |  131.5 |
  Orcish Mines |   2973 |   2107 |    866 |    716 |    646 |   2 | 1486.5 |
   Elven Halls |   5865 |   5238 |    627 |   2295 |   1383 |   3 | 1955.0 |
        Vaults |   9203 |   6919 |   2284 |   2890 |   2181 |   5 | 1840.6 |
        Depths |   9165 |   7560 |   1605 |   4300 |   1535 |   4 | 2291.2 |
         Abyss |     50 |     50 |      0 |      0 |      0 |   1 |   50.0 |
        Bazaar |    126 |    126 |      0 |      0 |      0 |   1 |  126.0 |
         Sewer |   1044 |   1044 |      0 |    647 |     67 |   1 | 1044.0 |
       Ossuary |    480 |    480 |      0 |    192 |     87 |   1 |  480.0 |
        Wizlab |   1123 |   1123 |      0 |    583 |     88 |   1 | 1123.0 |
               +--------+--------+--------+--------+--------+-----+--------+

Top non-repeatable levels by time:
Depths:1: 3273 daAuts
Depths:3: 3076 daAuts
Vaults:1: 2628 daAuts
    D:14: 2550 daAuts
 Snake:3: 2387 daAuts
  Lair:5: 2359 daAuts
   Elf:3: 2354 daAuts
Vaults:2: 2337 daAuts
 Snake:4: 2283 daAuts
  Lair:2: 2220 daAuts
Vaults:3: 2197 daAuts
    D:15: 2137 daAuts
    D:10: 2064 daAuts
  Lair:3: 2057 daAuts
 Swamp:1: 2033 daAuts
